AoeStats
← Maximus1743

Hideout

509736301Analyzed
1v1 RM · 3d ago on Sep 27, 2026· 62m 50s· 2 players
Game mode
Random Map
Map size
Tiny (2 player)
Population
200
Speed
Normal
Resources
Standard
Victory
Conquest
Starting age
Dark Age
Ending age
Imperial Age
RankedLock teamsTeams togetherTeam positionsShared explorationLock speedFull tech treeHidden civsTurbo modeCheats
Victory
Defeat
🇲🇽 Armenians · Mexico
1280
+15
🇪🇨 Poles · Ecuador
1266
-15
LlactaPow
10:33 Feudal Age
11:15 Double-Bit Axe
17:07 Castle Age
18:36 Bloodlines
21:44 Loom
25:30 Redemption
35:33 Bow Saw
39:01 Wheelbarrow
43:25 Imperial Age
41:06 Fletching
41:16 Padded Archer Armor
41:03 Light Cavalry
41:44 Husbandry
42:06 Bodkin Arrow
42:17 Scale Barding Armor
42:23 Forging
43:23 Leather Archer Armor
43:47 Hand Cart
44:01 Scale Mail Armor
44:13 Winged Hussar
44:58 Horse Collar
48:00 Iron Casting
47:40 Chain Mail Armor
47:46 Chain Barding Armor
47:27 Bracer
48:20 Man-at-Arms
49:02 Squires
48:48 Arson
50:16 Blast Furnace
49:02 Long Swordsman
50:04 Two-Handed Swordsman
52:27 Plate Mail Armor
52:26 Gold Mining
52:26 Stone Mining
52:09 Champion
53:51 Capped Ram
56:17 Chemistry
Maximus1743
7:37 Loom
9:27 Feudal Age
10:33 Man-at-Arms
11:20 Loom
11:38 Long Swordsman
13:34 Arson
20:41 Double-Bit Axe
26:19 Castle Age
24:27 Scale Mail Armor
24:58 Pikeman
27:14 Squires
27:55 Town Watch
28:23 Bow Saw
28:20 Squires
28:48 Devotion
30:19 Forging
31:49 Wheelbarrow
32:00 Fervor
32:59 Scale Barding Armor
33:25 Light Cavalry
35:02 Bloodlines
37:23 Horse Collar
41:46 Imperial Age
39:45 Fletching
40:12 Halberdier
41:37 Chain Mail Armor
42:04 Capped Ram
44:47 Plate Mail Armor
44:34 Treadmill Crane
48:03 Iron Casting
47:42 Padded Archer Armor
48:34 Conscription
48:33 Bodkin Arrow
49:33 Town Patrol
50:01 Gambesons
51:13 Bracer
51:47 Heavy Plow
51:40 Gold Mining
53:17 Hand Cart
53:13 Elite Composite Bowman
55:19 Fereters
57:10 Two-Handed Swordsman
60:50 Ballistics
61:30 Chemistry
60:50 Ballistics
61:39 Leather Archer Armor
62:25 Blast Furnace
Connection lost

Rejoining the realm…

Still unreachable

The connection could not be restored.

Session expired

The server has moved on; the page needs a fresh start.